 Dungeon Crawl Stone Soup version 0.23.1-41-g7e51ed3 (webtiles) character file.

Game seed: 2078684361736581032

499 night the Sneak (level 7, -2/40 HPs)
             Began as a Gargoyle Assassin on Mar 29, 2019.
             Slain by a killer bee (7 damage)
             ... on level 4 of the Dungeon.
             The game lasted 00:10:52 (4634 turns).

night the Sneak (Gargoyle Assassin)                 Turns: 4634, Time: 00:10:53

Health: -2/40      AC: 14    Str: 15    XL:     7   Next: 16%
Magic:  7/7        EV: 10    Int: 13    God:
Gold:   178        SH:  0    Dex: 11    Spells: 6/6 levels left

rFire    + . .     SeeInvis .   b - +0 long sword
rCold    . . .     Gourm    .   (no shield)
rNeg     + . .     Faith    .   D - +1 ring mail {rF+}
rPois    ∞         Spirit   .   h - +0 helmet
rElec    +         Reflect  .   d - +0 cloak
rCorr    .         Harm     .   B - +1 pair of gloves
MR       .....                  (no boots)
Stlth    +++.......             (no amulet)
HPRegen  0.13/turn              (no ring)
MPRegen  0.10/turn              (no ring)

@: no status effects
A: negative energy resistance 1, electricity resistance, unbreathing,
petrification resistance, rot immunity, AC +4
a: no special abilities


You were on level 4 of the Dungeon.
You were not hungry.

You visited 1 branch of the dungeon, and saw 4 of its levels.

You collected 178 gold pieces.

Inventory:

Hand Weapons
 a - a +2 dagger
 b - a +0 long sword (weapon)
 q - a +0 hunting sling
 s - a +0 short sword of freezing
 A - a +0 short sword
 C - a +0 blowgun
Missiles
 e - 18 poisoned needles
 f - 2 curare-tipped needles
 i - 11 bolts
 r - 114 stones (quivered)
 t - 18 sling bullets
 I - 21 arrows
Armour
 c - a +0 robe
 d - a +0 cloak (worn)
 h - a +0 helmet (worn)
 B - a +1 pair of gloves (worn)
 D - a +1 ring mail of fire resistance (worn)
Jewellery
 z - an uncursed amulet of the acrobat {unknown}
 K - a +2 ring of slaying {unknown}
Wands
 L - a wand of polymorph (3)
Scrolls
 k - 5 scrolls of remove curse {unknown}
 l - 5 scrolls of identify {unknown}
 m - a scroll of enchant armour {unknown}
 n - a scroll of immolation {unknown}
 o - a scroll of teleportation {unknown}
 p - a scroll of blinking {unknown}
 v - 2 scrolls of amnesia {unknown}
 x - a scroll of fear {unknown}
 y - a scroll of random uselessness {unknown}
 H - a scroll of magic mapping {unknown}
 J - a scroll of enchant weapon {unknown}
Potions
 j - a potion of resistance {unknown}
 u - a potion of brilliance {unknown}
 w - 4 potions of flight {unknown}
 E - 2 potions of curing {unknown}
 G - 2 potions of might {unknown}
Comestibles
 g - 6 rations
 F - 10 chunks of flesh


   Skills:
 - Level 2.3 Fighting
 + Level 5.1 Short Blades
 - Level 1.7 Throwing
 - Level 0.7 Dodging
 + Level 7.4 Stealth


You had 6 spell levels left.
You didn't know any spells.
Your spell library was empty.

Dungeon Overview and Level Annotations

Branches:
Dungeon (4/15)
 Temple: D:4-7

Altars:
Nemelex Xobeh
Trog
Uskayaw
Vehumet
Yredelemnul


Innate Abilities, Weirdness & Mutations

You are resistant to torment.
Your stone body is resilient. (AC +4)
You are immune to poison.
You resist negative energy. (rN+)
You are resistant to electric shocks. (rElec)
You can survive without breathing.
You are immune to petrification.
You are immune to rotting.


Message History

Aiming: Polymorph
Press: ? - help, Shift-Dir - straight line, f/p - orc priest
Aim: an orc priest (heavily wounded, chance to defeat MR: 46%)
The orc priest resists with some effort.
The orc priest calls down the wrath of Beogh upon you.
Pain shoots through your body!
* * * LOW HITPOINT WARNING * * *
Evoke which item? (* to show all) (? for menu, Esc to quit)
Aiming: Polymorph
Press: ? - help, Shift-Dir - straight line, f/p - orc priest
Aim: an orc priest (heavily wounded, chance to defeat MR: 46%)
The orc priest resists with some effort.
The orc priest hits you but does no damage.
Evoke which item? (* to show all) (? for menu, Esc to quit)
Aiming: Polymorph
Press: ? - help, Shift-Dir - straight line, f/p - orc priest
Aim: an orc priest (heavily wounded, chance to defeat MR: 46%)
The orc priest evaporates and reforms as a killer bee!
The killer bee stings you!
You die...

#.....##### #.##.##.#
##............##.##.#
##.#########.##.##.#
#.# #.##.##.# #.#
#.......# #+#
####.#### #.# # #.#
##. #@# #.#
###...#y#######.....
.........).ooo......
###...#.###...o.....
##.##.# #.###..... ##
#.# #.# ##.# ... #..
# ... ### ....


You could see a killer bee.

Vanquished Creatures
  A phantom (D:3)
  A bullfrog (D:3)
  A crimson imp (D:4)
  A centaur skeleton (D:4)
  An orc wizard (D:4)
  3 worker ants (D:4)
  3 adders
  3 oozes
  5 dart slugs
  4 worms
  6 leopard geckos
  10 orcs
  5 giant cockroaches
  13 hobgoblins
  12 jackals
  5 kobolds
  A quokka (D:3)
  13 bats
  9 frilled lizards
  8 goblins
  8 rats
113 creatures vanquished.

Notes
Turn   | Place    | Note
-------+----------+-------------------------------------------
     0 | D:1      | night the Gargoyle Assassin began the quest for the Orb.
     0 | D:1      | Reached XP level 1. HP: 12/12 MP: 1/1
   288 | D:1      | Reached XP level 2. HP: 18/18 MP: 2/2
   699 | D:1      | Reached XP level 3. HP: 22/22 MP: 3/3
  1180 | D:2      | Found a hide-covered altar of Uskayaw.
  1180 | D:2      | Noticed a +0 hand axe
  1181 | D:2      | Noticed a +0 hand axe
  1485 | D:2      | Found a faded altar of an unknown god.
  1496 | D:2      | Reached skill level 5 in Stealth
  1602 | D:2      | Reached XP level 4. HP: 27/27 MP: 4/4
  1703 | D:2      | Found a radiant altar of Vehumet.
  2508 | D:3      | Noticed a bullfrog
  2529 | D:3      | Killed a bullfrog
  2529 | D:3      | Reached skill level 6 in Stealth
  2529 | D:3      | Reached XP level 5. HP: 17/31 MP: 5/5
  2728 | D:3      | Found a sparkling altar of Nemelex Xobeh.
  2880 | D:3      | Found a basalt altar of Yredelemnul.
  3013 | D:3      | Noticed a phantom
  3375 | D:3      | Killed a phantom
  3375 | D:3      | Reached XP level 6. HP: 10/36 MP: 6/6
  4272 | D:4      | Reached skill level 7 in Stealth
  4381 | D:4      | Reached XP level 7. HP: 39/40 MP: 7/7
  4396 | D:4      | Found a bloodstained altar of Trog.
  4437 | D:4      | Reached skill level 5 in Short Blades
  4634 | D:4      | Slain by a killer bee

Skill      XL: |  1  2  3  4  5  6  7 |
---------------+----------------------+-----
Short Blades   | 2 3 4 5 |  5.1
Stealth        | 5 6 7 |  7.4
Fighting       | |  2.3
Throwing       | |  1.7
Dodging        | |  0.7

Action                   |  1- 3 |  4- 6 |  7- 9 || total
-------------------------+-------+-------+-------++-------
Melee: Dagger            |   105 |   297 |    20 ||   422
       Long sword        |       |    45 |    36 ||    81
Evoke: Wand              |       |       |     4 ||     4
 Stab: Sleeping          |    10 |    11 |     1 ||    22
       Distracted        |     2 |       |       ||     2
  Eat: Chunk             |     2 |     9 |     1 ||    12
Armor: Robe              |    37 |    97 |       ||   134
       Ring mail         |       |    46 |    31 ||    77
Dodge: Dodged            |    55 |   143 |    23 ||   221
       Rpst.: Long sword |       |     6 |     7 ||    13
